 Dungeon Crawl Stone Soup version 0.31-a0-210-gccc998df9b (webtiles) character file.

Game seed: 4880064682272186806

126 qw the Shooter (level 4, -1/38 HPs)
             Began as a Minotaur Hexslinger on June 29, 2023.
             Was an Initiate of Okawaru.
             Slain by Grinder (7 damage)
             ... on level 3 of the Dungeon.
             The game lasted 00:00:47 (1437 turns).

qw the Shooter (Minotaur Hexslinger)                Turns: 1437, Time: 00:00:47

Health: -1/38      AC:  5    Str: 12    XL:     4   Next: 84%
Magic:  4/4        EV: 11    Int: 10    God:    Okawaru [......]
Gold:   148        SH:  0    Dex: 15    Spells: 4/5 levels left

rFire   . . .        Y - +2 sling
rCold   . . .        (no shield)
rNeg    . . .        m - +0 ring mail
rPois   .            (helmet restricted)
rElec   .            (no cloak)
rCorr   .            (no gloves)
SInv    .            (no boots)
Will    .....        (no amulet)
Stlth   +            (no ring)
HPRegen 0.26/turn    (no ring)
MPRegen 0.09/turn

%: no passive effects
@: about to teleport
A: horns 2, retaliatory headbutt
a: Renounce Religion


You were on level 3 of the Dungeon.
You worshipped Okawaru.
Okawaru was noncommittal.
You visited 1 branch of the dungeon, and saw 3 of its levels.

You collected 148 gold pieces.


Innate Abilities, Weirdness & Mutations

You have a pair of horns on your head.
You reflexively headbutt those who attack you in melee.


   Skills:
 - Level 3.2 Fighting
 + Level 4.7 Ranged Weapons
 - Level 1.0 Armour
 - Level 2.1 Dodging
 - Level 1.0 Spellcasting
 - Level 2.0 Hexes


You had 4 spell levels left.
You knew the following spells:

 Your Spells              Type           Power      Damage    Failure   Level
a - Slow                  Hex            16%        N/A       34%         1

Your spell library contained the following spells:

 Spells                   Type           Power      Damage    Failure   Level
 Inner Flame              Hex/Fire       2%         N/A       83%         3
 Portal Projectile        Hex/Tloc       4%         N/A       83%         3
 Cause Fear               Hex            2%         N/A       98%         4

Inventory:

Hand Weapons
 Y - a +2 sling (weapon)
Armour
 m - a +0 ring mail (worn)
Scrolls
 a - a scroll of identify
 c - a scroll of noise {unknown}
Potions
 d - 2 potions of heal wounds
 f - a potion of magic {unknown}
 g - a potion of might {unknown}
 i - a potion of ambrosia {unknown}
 j - a potion of degeneration {unknown}
 k - a potion of attraction {unknown}
 l - a potion of lignification {unknown}

Dungeon Overview and Level Annotations

Branches:
Dungeon (3/15)

Altars:
Okawaru
Trog
Yredelemnul

Shops:
D:2 [

Annotations:
D:3 Grinder


Message History

Grinder is moderately wounded.
An adder comes into view.
The goblin shoots a sling bullet.
The sling bullet closely misses you.
You shoot a sling bullet.
The sling bullet closely misses Grinder.
Grinder gestures at you.
You barely resist.
The goblin shoots a sling bullet.
The sling bullet hits you. Grinder gestures at you.
Pain shoots through your body!
You shoot a sling bullet.
The sling bullet hits Grinder but does no damage.
Grinder is moderately wounded.
Grinder gestures at you. Pain shoots through your body!
You shoot a sling bullet. The sling bullet hits the adder.
The adder is heavily wounded.
The goblin shoots a sling bullet.
The sling bullet barely misses you.
You hear a shout!
You shoot a sling bullet.
The sling bullet closely misses Grinder.
The goblin shoots a sling bullet.
The sling bullet closely misses you.
You shoot a sling bullet.
The sling bullet closely misses Grinder.
Grinder closely misses you. You furiously retaliate!
You headbutt Grinder.
The goblin shoots a sling bullet.
The sling bullet completely misses you.
Grinder blinks!
The goblin shoots a sling bullet.
The sling bullet barely misses you.
You hear a shout!
You shoot a sling bullet. The sling bullet barely misses Grinder.
The goblin shoots a sling bullet.
The sling bullet hits you.
You shoot a sling bullet.
The sling bullet closely misses Grinder.
Grinder gestures at you. Pain shoots through your body!
The goblin shoots a sling bullet.
The sling bullet closely misses you.
1437 ||| READING scroll of teleportation.
As you read the scroll of teleportation, it crumbles to dust.
You feel strangely unstable. Grinder hits you!
You die...

...........<#.##.....<#
.....).>..........#####
..###..##..##.###.# ..#
#..#...##.# #.# ..#
#.........# #.#
..###[.##....####.#
......##
.#.#.##..###### ..###.#
...............¤ ..#
#.# ##.#.##@~~~¤~~~¤
..# ##. #.....5~.......
#.# #. #.###..¤.~~~~~.
#.# #. . ##.¤.~)..~.
#.######## #.~g~S_.~.
.......... #$~g~...¤.
#.######## #.~g~~~¤~
#.# ..~....¤¤ #.#


You could see Grinder, an adder, a hobgoblin and 2 goblins.

Vanquished Creatures
  Jessica (D:2)
  Terence (D:1)
  An adder (D:2)
  2 worms (D:2)
  A dart slug (D:1)
  3 endoplasms
  10 giant cockroaches (D:2)
  3 goblins
  7 hobgoblins
  2 jackals
  2 quokkas
  7 ball pythons
  2 bats (D:1)
  3 frilled lizards
  6 kobolds
  2 rats (D:2)
53 creatures vanquished.

Notes
Turn   | Place    | Note
-------+----------+-------------------------------------------
     0 | D:1      | qw the Minotaur Hexslinger began the quest for the Orb.
     0 | D:1      | Reached XP level 1. HP: 16/16 MP: 1/1
     0 | D:1      | 0 ||| qw: Version: 0.3-a-24-ga2abf7b
     0 | D:1      | 0 ||| qw: Game counter: 6980
     0 | D:1      | 0 ||| qw: Melee chars always use a shield: true
     0 | D:1      | 0 ||| qw: God list: Okawaru
     0 | D:1      | 0 ||| qw: Allow faded altars: false
     0 | D:1      | 0 ||| qw: Do Orc after clearing Dungeon:15 true
     0 | D:1      | 0 ||| qw: Do second Lair branch before Depths: true
     0 | D:1      | 0 ||| qw: Lair rune preference: random
     0 | D:1      | 0 ||| qw: Goals: Normal
     0 | D:1      | 0 ||| PLANNING D:1-11
   173 | D:1      | 173 ||| FLEEEEING.
   174 | D:1      | 174 ||| FLEEEEING.
   175 | D:1      | 175 ||| FLEEEEING.
   176 | D:1      | 176 ||| FLEEEEING.
   177 | D:1      | 177 ||| FLEEEEING.
   178 | D:1      | 178 ||| FLEEEEING.
   179 | D:1      | 179 ||| FLEEEEING.
   244 | D:1      | Reached skill level 3 in Ranged Weapons
   244 | D:1      | Reached XP level 2. HP: 23/23 MP: 2/2
   506 | D:1      | 506 ||| UPGRADING to +0 ring mail.
   516 | D:1      | 516 ||| DROPPING +0 robe.
   517 | D:1      | 517 ||| DROPPING ring of wizardry.
   518 | D:1      | 518 ||| READING 3 scrolls labelled HYRISU YQEW.
   519 | D:1      | 519 ||| READING scroll labelled EDIMAEWUVU.
   520 | D:1      | 520 ||| READING scroll labelled SUCVAD LORAPLI.
   521 | D:1      | 521 ||| READING 2 scrolls of identify.
   521 | D:1      | 521 ||| IDENTIFYING puce potion
   522 | D:1      | 522 ||| DROPPING scroll of poison.
   531 | D:2      | Noticed Terence
   533 | D:2      | 533 ||| STAIRDANCE
   543 | D:1      | Killed Terence
   544 | D:1      | Reached skill level 3 in Fighting
   544 | D:1      | Reached XP level 3. HP: 15/31 MP: 3/3
   611 | D:2      | 611 ||| STAIRDANCE
   803 | D:2      | Reached XP level 4. HP: 38/38 MP: 4/4
   903 | D:2      | Noticed Jessica
   906 | D:2      | Killed Jessica
   907 | D:2      | Reached skill level 4 in Ranged Weapons
  1044 | D:2      | Found an iron altar of Okawaru.
  1045 | D:2      | 1045 ||| PLANNING OKAWARU WORSHIP
  1045 | D:2      | 1045 ||| READING scroll labelled NOAR USKOF.
  1046 | D:2      | 1046 ||| READING scroll labelled VELULO GUSCH.
  1047 | D:2      | 1047 ||| READING scroll labelled HYDWOTO WOEBANYM.
  1051 | D:2      | 1051 ||| READING 2 scrolls of identify.
  1051 | D:2      | 1051 ||| IDENTIFYING metallic white potion
  1052 | D:2      | 1052 ||| DROPPING potion of brilliance.
  1102 | D:2      | Became a worshipper of Warmaster Okawaru
  1103 | D:2      | 1103 ||| PLANNING D:1-11
  1121 | D:2      | Reached skill level 1 in Armour
  1262 | D:2      | Found Conian's Antique Armour Shoppe.
  1269 | D:2      | 1269 ||| SHOPLISTING glowing cloak (172 gold, have 139).
  1334 | D:3      | Found a bloodstained altar of Trog.
  1412 | D:3      | Found a basalt altar of Yredelemnul.
  1416 | D:3      | Noticed Grinder
  1436 | D:3      | HP: 6/38 [Grinder/nerve-wracking pain (11)]
  1437 | D:3      | 1437 ||| READING scroll of teleportation.
  1437 | D:3      | Slain by Grinder

Levels and vault maps discovered:
D:1:      erik_arrival_blinker_ship, layout_basic, roderic_three_in_a_row,
          hangedman_feature_mirror, wander_ebering_terrifying_dragon_lair
D:2:      minmay_roachtagon, layout_basic, basic_altar, serial_shops, shop,
          uniq_jessica, uniq_terence
D:3:      layout_loops_ring, mainiacjoe_overflow_concentric_impassable,
          mainiacjoe_overflow_surrounded_room,
          mainiacjoe_overflow_six_doors_small, uniq_robin, uniq_grinder

Skill      XL: |  1  2  3  4 |
---------------+-------------+-----
Ranged Weapons | 3 4 |  4.7
Fighting       | 3 |  3.2
Armour         | 1 |  1.0
Dodging        | |  2.1
Spellcasting   | |  1.0
Hexes          | |  2.0

Action                     |  1- 3 |  4- 6 || total
---------------------------+-------+-------++-------
   Fire: Sling             |    86 |    89 ||   175
    Use: Scroll            |     4 |     5 ||     9
 Armour: Robe              |     3 |       ||     3
         Ring mail         |    20 |    12 ||    32
  Dodge: Dodged            |    50 |    32 ||    82

Table legend:
 A = Non-vault XP
 B = Vault XP
 C = Vault XP percentage of total XP
 D = Non-vault monster count
 E = Vault monster count
 F = Vault count percentage of total count
                 A         B        C        D         E       F
            +---------+---------+-------+---------+---------+-------
      Total |      81 |     100 |  55.2 |      38 |      15 |  28.3
            +---------+---------+-------+---------+---------+-------
        D:1 |      21 |      43 |  67.2 |      13 |       4 |  23.5
        D:2 |      53 |      57 |  51.8 |      21 |      11 |  34.4
        D:3 |       7 |       0 |   0.0 |       4 |       0 |   0.0
            +---------+---------+-------+---------+---------+-------
